 Dungeon Crawl Stone Soup version 0.20-a0-38-g7d30548 (webtiles) character file.

178678 Sarzael the Imperceptible (level 17, -4/136 HPs)
             Began as a Vampire Enchanter on Nov 9, 2016.
             Was a Follower of Uskayaw.
             Blown up by an orb spider (37 damage)
             ... with an orb of destruction
             ... on level 1 of the Spider Nest on Nov 10, 2016.
             The game lasted 02:44:17 (39428 turns).

Sarzael the Imperceptible (Vampire Enchanter)      Turns: 39428, Time: 02:44:18

Health: -4/136     AC: 16    Str:  7    XL:     17   Next: 58%
Magic:  20/24      EV: 24    Int: 24    God:    Uskayaw [*.....]
Gold:   1747       SH:  9    Dex: 23    Spells: 7 memorised, 2 levels left

rFire  + + .     SeeInvis +     S - +8 quick blade
rCold  + + +     Gourm    .     v - +3 robe of Too Many Cooks {MR+ SInv}
rNeg   + + +     Faith    +     o - +3 buckler
rPois  ∞         Spirit   .     V - +2 hat
rElec  +         Reflect  .     F - +2 cloak {+Inv}
rCorr  +         Harm     .     g - +2 pair of gloves
MR     ++++.                    y - +2 pair of boots {Stlth+}
Stlth  ++++++++++               l - amulet of faith
                                H - ring "Isin" {rF+ rN+ Int+3}
                                U - ring of the Mage {Wiz MR++ Int+3}

@: resistant, very slightly contaminated, bloodless, non-regenerating
A: antennae 1, fangs 3, see invisible, agile 1, robust 1, unbreathing
a: Bat Form, Stomp, Renounce Religion, Evoke Invisibility


You were on level 1 of the Spider Nest.
You worshipped Uskayaw.
Uskayaw was aware of your devotion.
You were bloodless.

You visited 7 branches of the dungeon, and saw 28 of its levels.
You also visited: Labyrinth.

You collected 2511 gold pieces.
You spent 764 gold pieces at shops.

Inventory:

Hand Weapons
 e - a +4 vampiric dagger
 S - a +8 quick blade (weapon)
Armour
 g - a +2 pair of gloves (worn)
 k - a +2 cloak of magic resistance
 o - a +3 buckler (worn)
 v - the +3 robe of Too Many Cooks (worn) {MR+ SInv}
   (You found it on level 6 of the Lair of Beasts)

   It affects your resistance to hostile enchantments.
   It lets you see invisible.
 y - a +2 pair of boots of stealth (worn)
 F - a +2 cloak of invisibility (worn)
 V - a +2 hat (worn)
Jewellery
 l - an amulet of faith (around neck)
 q - an uncursed ring of see invisible {unknown}
 A - the ring "Wusi" {Wiz rElec rPois rF++ Str-4}
   (You found it on level 1 of the Depths)

   [ring of wizardry]

   It improves your spell success rate.
   It affects your strength (-4).
   It greatly protects you from fire.
   It insulates you from electricity.
   It protects you from poison.
 H - the ring "Isin" (right hand) {rF+ rN+ Int+3}
   (You found it on level 11 of the Dungeon)

   [ring of positive energy]

   It affects your intelligence (+3).
   It protects you from fire.
   It protects you from negative energy.
 U - the ring of the Mage (left hand) {Wiz MR++ Int+3}
   (You found it on level 1 of the Depths)

   [ring of wizardry]

   It improves your spell success rate.
   It affects your intelligence (+3).
   It affects your resistance to hostile enchantments.
 Y - an uncursed amulet of harm
Wands
 d - a wand of polymorph (1/24)
 f - a wand of iceblast (12/15)
 h - a wand of lightning (6/15)
 j - a wand of teleportation (1/9)
 m - a wand of polymorph (12/24)
 t - a wand of disintegration (21/24)
 J - a wand of enslavement (5/24)
 K - a wand of slowing (40/48)
 O - a wand of hasting (3/9)
 X - a wand of heal wounds (0/9)
Scrolls
 c - a scroll of fear
 i - 9 scrolls of remove curse
 n - 4 scrolls of magic mapping
 u - 4 scrolls of silence
 B - 5 scrolls of fog
 C - 7 scrolls of amnesia
 D - a scroll of recharging
 E - a scroll of immolation
 N - 2 scrolls of teleportation
Potions
 p - 5 potions of brilliance
 r - a potion of cure mutation
 s - 8 potions of curing
 w - a potion of magic
 z - 4 potions of blood
 P - 2 potions of haste
 Q - 2 potions of ambrosia
 R - a potion of agility
Books
 b - a book of Necromancy

   Spells                             Type                      Level
   a - Pain                           Necromancy                   1
   b - Animate Skeleton               Necromancy                   1
   c - Vampiric Draining              Necromancy                   3
   d - Regeneration                   Charms/Necromancy            3
   e - Animate Dead                   Necromancy                   4
   f - Control Undead                 Necromancy                   4
 M - a book of Conjurations

   Spells                             Type                      Level
   a - Magic Dart                     Conjuration                  1
   b - Searing Ray                    Conjuration                  2
   c - Dazzling Spray                 Conjuration/Hexes            3
   d - Fulminant Prism                Conjuration/Hexes            4
   e - Iskenderun's Mystic Blast      Conjuration                  4
   f - Iskenderun's Battlesphere      Conjuration/Charms           5
 W - a book of Flames

   Spells                             Type                      Level
   a - Flame Tongue                   Conjuration/Fire             1
   b - Throw Flame                    Conjuration/Fire             2
   c - Conjure Flame                  Conjuration/Fire             3
   d - Inner Flame                    Hexes/Fire                   3
   e - Sticky Flame                   Conjuration/Fire             4
   f - Fireball                       Conjuration/Fire             5
Miscellaneous
 a - a fan of gales
 x - a crystal ball of energy
 I - a box of beasts
 L - a disc of storms
 Z - a lamp of fire


   Skills:
 + Level 8.6 Fighting
 - Level 10.1 Short Blades
 + Level 12.8 Dodging
 * Level 23.6 Stealth
 - Level 4.0 Shields
 - Level 2.0 Spellcasting
 + Level 16.7 Hexes
 - Level 9.0 Summonings
 - Level 3.0 Translocations
 - Level 5.0 Air Magic
 - Level 2.2 Poison Magic
 + Level 10.3 Invocations
 + Level 8.0 Evocations


You had 2 spell levels left.
You knew the following spells:

 Your Spells              Type           Power        Failure   Level  Hunger
a - Blink                 Tloc           N/A          2%          2    ##.....
b - Ensorcelled Hibernat  Hex/Ice        #####.       1%          2    ##.....
c - Confuse               Hex            ######..     1%          3    ###....
d - Tukima's Dance        Hex            ######..     1%          3    ###....
e - Summon Ice Beast      Ice/Summ       ###.....     9%          4    #####..
f - Mephitic Cloud        Conj/Pois/Air  ##......     7%          3    ###....
g - Apportation           Tloc           ###.......   1%          1    #......


Dungeon Overview and Level Annotations

Branches:
Dungeon (15/15)            Temple (1/1) D:6            Lair (6/6) D:10
 Shoals (0/4) Lair:2       Spider (1/4) Lair:3        Slime (0/5) Lair:5
    Orc (2/2) D:10            Elf (1/3) Orc:2        Vaults (0/5) D:13
 Depths (2/5) D:15

Altars:
Ashenzari
Cheibriados
Dithmenos
Elyvilon
Fedhas
Gozag
Hepliaklqana
Kikubaaqudgha
Makhleb
Nemelex Xobeh
Okawaru
Qazlal
Ru
Sif Muna
Trog
Uskayaw
Vehumet
Xom
Yredelemnul
Zin
The Shining One
Beogh
Jiyva

Shops:
D:4 ?   D:9 [   D:10 [}   Orc:1 (%}   Orc:2 [}(!


Innate Abilities, Weirdness & Mutations

You do not heal naturally.
You are immune to poison.
You have razor-sharp teeth.
You have supernaturally acute eyesight. (SInv)
You can survive without breathing.
You have a pair of small antennae on your head.
You are agile. (Dex +2)
You are robust. (+10% HP)


Message History

The orb of destruction hits you!
* * * LOW HITPOINT WARNING * * *
The orb spider spins a strand of pure energy.
The orb spider begins to weave its threads into a brightly glowing ball.
The orb spider weaves a glowing orb of energy.
An orb of destruction comes into view.
Zapping:
X - a wand of heal wounds (1/9)
Press: ? - help, Shift-Dir - straight line, f - you You feel much better.
This wand has 0 charges left.
The orb spider weaves a glowing orb of energy.
You can no longer pass through a line of other dancers.
An orb of destruction comes into view.
There are monsters nearby!
Unknown command.
You feel protected. You block the orb of destruction.
The orb of destruction dissipates.
The orb spider begins to weave its threads into a brightly glowing ball.
The orb spider weaves a glowing orb of energy.
The orb of destruction hits you!
You die...

####### ##.....# #...##.#
#######'###.# 8.
#..8##8s8##.#
...##...##.*.##.#
.....s§§...†.##.#
.8.^....@..8.##.#
........§.!†.##.#
.8....8.§..8.##.#######
........s....##.......###
...##...##...#######....#
8.8 #8.8##8.8# ##...... #
#######'## #......#
##################...#
#.......
....................##
#....#..


You could see 3 orb spiders.

Vanquished Creatures
  The ghost of 100P the Warrior, a veteran DsGl of Makhleb (Depths:2)
  A tentacled monstrosity (Depths:1)
  Rupert (Lair:3)
  A lich (Depths:1)
  Gastronok (Lair:2)
  A sphinx (Depths:1)
  Kirke (Spider:1)
  2 fire giants (Depths:1)
  A ghost moth (Spider:1)
  Aizul (Elf:1)
  2 entropy weavers (Lair:4)
  4 stone giants
  4 very ugly things (Depths:1)
  Azrael (Spider:1)
  A minotaur (Lab)
  The ghost of anet the Covert, a journeyman GrMo of Ashenzari (Lair:3)
  An ettin (Depths:1)
  A yaktaur captain (Depths:1)
  A fire dragon (Depths:2)
  4 ogre magi
  Harold (Lair:1)
  2 great orbs of eyes (Depths:1)
  3 ice dragons (Depths:1)
  Erolcha (Orc:2)
  Fannar (Lair:2)
  4 vault guards (D:13)
  13 hydras
  The ghost of Soeti the Grappler, a novice TrMo of Makhleb (D:10)
  5 rakshasas
  2 dancing weapons
  A deep troll shaman (Depths:1)
  8 centaur warriors
  2 death knights
  An orc high priest (D:13)
  A vampire mage (Depths:1)
  4 tengu warriors
  2 deep troll earth magi (Depths:1)
  A queen ant (Lair:4)
  A deep elf knight (Elf:1)
  Urug (D:10)
  2 spriggan berserkers (Depths:1)
  Nergalle (Orc:2)
  An iron troll (Depths:2)
  4 skeletal warriors (D:12)
  2 unseen horrors
  4 deep elf archers
  5 hill giants
  A deep troll (Depths:2)
  3 glowing orange brains
  7 deep elf magi
  A necromancer (Depths:1)
  8 orb spiders (Spider:1)
  4 ugly things
  An oklob plant (Lair:6)
  3 orc knights
  10 orc sorcerers
  3 cyclopes
  6 wolf spiders
  A manticore (D:15)
  A shining eye (shapeshifter) (D:15)
  A stone giant skeleton (Depths:1)
  4 centaur zombies
  A merfolk siren (Lair:2)
  11 elephants
  2 black mambas
  A sphinx skeleton (Depths:1)
  Joseph (Lair:1)
  A torpor snail (Lair:2)
  3 gargoyles
  35 spiny frogs
  A kobold demonologist (D:14)
  A rime drake (Lair:4)
  9 yaktaurs
  2 efreet (D:15)
  6 komodo dragons
  2 demonic crawlers (Spider:1)
  2 freezing wraiths (D:14)
  2 tengu conjurers
  2 polar bears (shapeshifter) (D:15)
  5 jumping spiders (Spider:1)
  A troll (shapeshifter) (D:14)
  A polar bear (Lair:5)
  5 trolls
  A jumping spider (shapeshifter) (D:15)
  5 tyrant leeches (Lair:6)
  4 hornets
  3 two-headed ogres (Depths:1)
  A hippogriff (shapeshifter) (Elf:1)
  Prince Ribbit (Lair:2)
  6 dream sheep
  6 hippogriffs
  25 slime creatures
  21 blink frogs
  A meliai zombie (D:15)
  Sigmund (D:6)
  2 shadows
  2 wraiths
  A centaur simulacrum (D:14)
  7 tarantellas (Spider:1)
  7 wyverns
  51 yaks
  12 redbacks (Spider:1)
  A deep troll skeleton (Depths:1)
  A water elemental (Elf:1)
  Grum (Lair:1)
  3 basilisks
  4 hogs (Spider:1)
  A golden eye (shapeshifter) (D:13)
  5 fire elementals
  A yaktaur simulacrum (Depths:1)
  5 vampire mosquitoes
  6 hungry ghosts
  2 mottled dragons
  5 wargs
  A soldier ant (shapeshifter) (D:12)
  26 soldier ants
  9 water moccasins
  12 porcupines
  18 orc warriors
  2 eyes of draining
  A hornet zombie (D:9)
  5 sky beasts
  A black bear (shapeshifter) (D:13)
  A necrophage (D:12)
  A phantom (D:5)
  2 ice beasts
  22 centaurs
  3 boggarts (Depths:1)
  20 wolves
  23 ogres
  A crocodile (shapeshifter) (D:15)
  10 crocodiles
  A big kobold (D:12)
  38 bullfrogs
  5 scorpions
  7 killer bees
  10 wights
  2 electric eels (Lair:6)
  7 crimson imps
  2 bullfrog zombies (D:12)
  6 hounds
  A quasit (D:13)
  A jelly (D:12)
  Crazy Yiuf (D:2)
  17 orc priests
  5 centaur skeletons
  Ijyb (D:2)
  Natasha (thrice) (D:2 D:3)
  2 bullfrog skeletons
  3 iguanas
  40 orc wizards
  25 worker ants
  Terence (D:2)
  A killer bee zombie (D:6)
  Robin (D:2)
  A howler monkey zombie (D:5)
  2 worker ant zombies
  18 gnolls
  19 adders
  2 river rats (D:10)
  2 shadow imps
  An ooze (D:7)
  A dart slug (D:1)
  3 leopard geckos
  101 orcs
  A ball python (D:1)
  3 giant cockroaches
  11 goblins
  7 hobgoblins
  6 jackals
  5 kobolds
  A quokka (D:8)
  17 bats
  5 frilled lizards
  A quokka skeleton (D:9)
  14 rats
  2 butterflies (Lair:3)
1006 creatures vanquished.

Vanquished Creatures (collateral kills)
  An orc warrior (Orc:2)
1 creature vanquished.

Vanquished Creatures (others)
  A deep elf death mage (Elf:1)
  A deep elf knight (Elf:1)
  3 deep elf magi (Elf:1)
  A dancing weapon (D:6)
  A two-headed ogre (Depths:1)
  4 dream sheep (D:10)
  A tarantella (Spider:1)
  A human (Spider:1)
  An ogre (Depths:1)
  3 orc wizards
  2 orcs
  3 bushes (Depths:2)
  11 fungi
  38 plants
71 creatures vanquished.

Grand Total: 1078 creatures vanquished

Notes
Turn   | Place    | Note
-------+----------+-------------------------------------------
     0 | D:1      | Sarzael the Vampire Enchanter began the quest for the Orb.
     0 | D:1      | Reached XP level 1. HP: 13/13 MP: 3/3
   351 | D:1      | Reached XP level 2. HP: 19/19 MP: 5/5
   358 | D:1      | Reached skill level 5 in Stealth
   623 | D:1      | Learned a level 2 spell: Ensorcelled Hibernation
   946 | D:2      | Reached XP level 3. HP: 14/24 MP: 1/6
  1541 | D:2      | Noticed Terence
  1547 | D:2      | Killed Terence
  1561 | D:2      | Learned a level 3 spell: Confuse
  1629 | D:2      | Reached XP level 4. HP: 30/30 MP: 7/7
  1643 | D:2      | Noticed Robin
  1679 | D:2      | Reached skill level 5 in Hexes
  1735 | D:2      | Killed Robin
  1982 | D:2      | Found a stormy altar of Qazlal.
  1983 | D:2      | Found a glowing silver altar of Zin.
  1983 | D:2      | Noticed Ijyb
  1985 | D:2      | Found a shimmering altar of Xom.
  2130 | D:2      | Noticed Natasha
  2135 | D:2      | Killed Natasha
  2135 | D:2      | Reached skill level 1 in Shields
  2411 | D:2      | Found a runed door.
  2415 | D:2      | Noticed Crazy Yiuf
  2419 | D:2      | Killed Crazy Yiuf
  2419 | D:2      | Reached skill level 6 in Stealth
  2419 | D:2      | Reached XP level 5. HP: 35/35 MP: 8/8
  2730 | D:3      | Found a sparkling altar of Nemelex Xobeh.
  3282 | D:3      | Reached XP level 6. HP: 14/41 MP: 1/9
  3735 | D:3      | Learned a level 3 spell: Tukima's Dance
  3808 | D:3      | Noticed Natasha
  3817 | D:3      | Killed Natasha
  3817 | D:3      | Reached skill level 7 in Stealth
  3819 | D:3      | Noticed Natasha
  3825 | D:3      | Killed Natasha
  4192 | D:4      | Found a sparkling altar of Nemelex Xobeh.
  4360 | D:4      | Found Weunla's Magic Scroll Boutique.
  4966 | D:4      | Reached XP level 7. HP: 44/46 MP: 3/10
  5516 | D:3      | Reached skill level 8 in Stealth
  6468 | D:2      | Killed Ijyb
  6550 | D:5      | Entered Level 5 of the Dungeon
  6591 | D:5      | Reached skill level 5 in Short Blades
  7128 | D:5      | Reached skill level 9 in Stealth
  7128 | D:5      | Reached XP level 8. HP: 52/52 MP: 8/11
  7243 | D:5      | Learned a level 2 spell: Blink
  7431 | D:6      | Noticed Sigmund
  7667 | D:6      | Got an ebony quarterstaff
  7668 | D:6      | Identified the cursed +1 quarterstaff of Noon {crush, Int+6} (You found it on level 6 of the Dungeon)
  7678 | D:6      | Found a staircase to the Ecumenical Temple.
  7696 | Temple   | Entered the Ecumenical Temple
  7711 | Temple   | Became a worshipper of Uskayaw the Reveler
  7869 | D:6      | Reached * piety under Uskayaw
  7963 | D:6      | Found a shattered altar of Ashenzari.
  8127 | D:6      | Reached ** piety under Uskayaw
  8138 | D:6      | Reached *** piety under Uskayaw
  8139 | D:6      | Reached skill level 1 in Translocations
  8536 | D:6      | Killed Sigmund
  8536 | D:6      | Reached skill level 10 in Stealth
  9359 | D:7      | Reached XP level 9. HP: 56/57 MP: 12/12
  9675 | D:7      | Reached skill level 5 in Dodging
  9767 | D:7      | Reached skill level 11 in Stealth
 11211 | D:9      | Found a roughly hewn altar of Beogh.
 11376 | D:9      | Found a faded altar of an unknown god.
 11376 | D:9      | Found a hazy altar of Hepliaklqana.
 11383 | D:9      | Found a faded altar of an unknown god.
 11385 | D:9      | Found a faded altar of an unknown god.
 11387 | D:9      | Found a faded altar of an unknown god.
 11567 | D:9      | Reached skill level 12 in Stealth
 11583 | D:9      | Reached skill level 1 in Invocations
 12445 | D:9      | Reached XP level 10. HP: 28/63 MP: 7/13
 12600 | D:9      | Noticed a purple ugly thing
 12641 | D:9      | Killed a purple ugly thing
 12698 | D:9      | Reached skill level 13 in Stealth
 12771 | D:9      | Found Riove's Antique Armour Boutique.
 12870 | D:10     | Entered Level 10 of the Dungeon
 12880 | D:10     | Noticed Urug
 13063 | D:10     | Noticed a hill giant
 13067 | D:10     | Killed a hill giant
 13121 | D:10     | Reached **** piety under Uskayaw
 13143 | D:10     | Reached ***** piety under Uskayaw
 13169 | D:10     | Noticed Soeti's ghost (novice TrMo)
 13228 | D:10     | Killed Soeti's ghost
 13402 | D:10     | Found Ipeariv's Armour Shoppe.
 13406 | D:10     | Bought a +1 robe of magic resistance for 165 gold pieces
 13406 | D:10     | Bought a +2 cloak of invisibility for 279 gold pieces
 13521 | D:10     | Found a staircase to the Orcish Mines.
 13532 | D:10     | Found Megid's Gadget Shop.
 13623 | D:10     | Found a staircase to the Lair.
 13767 | D:10     | Reached skill level 1 in Evocations
 13772 | D:10     | Reached XP level 11. HP: 68/68 MP: 14/14
 13825 | D:10     | Killed Urug
 13825 | D:10     | Reached skill level 14 in Stealth
 13946 | D:10     | Found a shimmering altar of Xom.
 14063 | D:10     | Upgraded the game from 0.20-a0-33-g996f6e0 to 0.20-a0-38-g7d30548
 14359 | D:10     | Reached skill level 10 in Short Blades
 14446 | D:11     | Got a crude copper ring
 14456 | D:11     | Identified the ring "Isin" {rF+ rN+ Int+3} (You found it on level 11 of the Dungeon)
 14628 | D:11     | Learned a level 4 spell: Summon Ice Beast
 14724 | D:11     | Reached skill level 10 in Hexes
 14929 | D:11     | Noticed an unseen horror
 14936 | D:11     | Killed an unseen horror
 14936 | D:11     | Reached skill level 1 in Summonings
 15261 | D:12     | Reached skill level 15 in Stealth
 15277 | D:12     | Reached skill level 5 in Invocations
 16450 | D:12     | Noticed a red ugly thing
 16457 | D:12     | Noticed a skeletal warrior
 16457 | D:12     | Killed a red ugly thing
 16459 | D:12     | Noticed a skeletal warrior
 16460 | D:12     | Reached XP level 12. HP: 74/74 MP: 7/15
 17025 | D:12     | Gained mutation: You expend magic power (3 MP) to strengthen your wands. [potion of mutation]
 17025 | D:12     | Gained mutation: Your muscles are strong. (Str +2) [potion of mutation]
 17025 | D:12     | Gained mutation: You are agile. (Dex +2) [potion of mutation]
 17096 | D:12     | Noticed a death knight
 17241 | D:12     | Killed a death knight
 17450 | D:12     | Reached skill level 1 in Fighting
 17454 | D:12     | Reached skill level 16 in Stealth
 17636 | D:13     | Found a gate to the Vaults.
 17636 | D:13     | Noticed a vault guard
 17636 | D:13     | Noticed a vault guard
 17636 | D:13     | Noticed a vault guard
 17650 | D:13     | Noticed a vault guard
 17653 | D:13     | Killed a vault guard
 17657 | D:13     | Killed a vault guard
 17661 | D:13     | Killed a vault guard
 17661 | D:13     | Killed a vault guard
 18052 | D:13     | Found a runed door.
 18122 | D:13     | Noticed an orc high priest
 18131 | D:13     | Killed an orc high priest
 18159 | D:13     | Found a roughly hewn altar of Beogh.
 18235 | D:13     | Reached skill level 17 in Stealth
 18421 | D:13     | Reached XP level 13. HP: 85/85 MP: 7/17
 19304 | D:14     | Found a blossoming altar of Fedhas.
 19587 | D:14     | Reached skill level 5 in Summonings
 19587 | D:14     | Reached skill level 5 in Evocations
 20294 | D:15     | Entered Level 15 of the Dungeon
 20461 | D:15     | Lost mutation: Your muscles are strong. (Str +2) [potion of mutation]
 20462 | D:15     | Gained mutation: You are robust. (+10% HP) [potion of mutation]
 20462 | D:15     | Gained mutation: You have a pair of small antennae on your head. [potion of mutation]
 20462 | D:15     | Lost mutation: You expend magic power (3 MP) to strengthen your wands. [potion of mutation]
 20471 | D:15     | Reached skill level 18 in Stealth
 21927 | D:14     | Reached skill level 10 in Dodging
 22826 | Lair:1   | Entered Level 1 of the Lair of Beasts
 22846 | Lair:1   | Reached XP level 14. HP: 105/105 MP: 19/19
 22851 | Lair:1   | Learned a level 3 spell: Mephitic Cloud
 23206 | Lair:1   | Noticed Harold
 23211 | Lair:1   | Killed Harold
 23211 | Lair:1   | Reached skill level 1 in Air Magic
 23313 | Lair:1   | You fall through a shaft!
 23324 | Lair:2   | Reached skill level 19 in Stealth
 23534 | Lair:2   | Noticed Fannar
 23556 | Lair:2   | Killed Fannar
 23575 | Lair:2   | Noticed Gastronok
 23639 | Lair:2   | Noticed Prince Ribbit
 23647 | Lair:2   | Found a labyrinth entrance.
 23656 | Lab      | Entered a labyrinth
 24643 | Lab      | Reached skill level 5 in Fighting
 24737 | Lab      | Got a distressingly furry ring mail
 24738 | Lab      | Identified the +1 ring mail of Ifaylupt {rN+} (You found it in a labyrinth)
 25040 | Lair:2   | Found a staircase to the Shoals.
 25193 | Lair:2   | Killed Gastronok
 25347 | Lair:2   | Killed Prince Ribbit
 25571 | Lair:3   | Found a hole to the Spider Nest.
 25589 | Lair:3   | Noticed anet's ghost (journeyman GrMo)
 25599 | Lair:3   | Killed anet's ghost
 25859 | Lair:3   | Noticed Rupert
 25867 | Lair:3   | Killed Rupert
 26234 | Lair:4   | Reached ****** piety under Uskayaw
 26237 | Lair:4   | Got a polished arbalest
 26314 | Lair:4   | Noticed an entropy weaver
 26314 | Lair:4   | Noticed an entropy weaver
 26334 | Lair:4   | Reached skill level 20 in Stealth
 26568 | Lair:4   | Killed an entropy weaver
 26602 | Lair:4   | Killed an entropy weaver
 26715 | Lair:4   | Reached XP level 15. HP: 115/115 MP: 1/21
 26727 | Lair:4   | Identified the +0 arbalest of Dishonour {venom, Str+2 Int+4} (You found it on level 4 of the Lair of Beasts)
 27411 | Lair:5   | Found a staircase to the Slime Pits.
 27411 | Lair:5   | Found a viscous altar of Jiyva.
 28059 | Lair:6   | Entered Level 6 of the Lair of Beasts
 28452 | Lair:6   | Got a dull robe
 29065 | Lair:6   | Reached skill level 21 in Stealth
 29066 | Lair:6   | Identified the +3 robe of Too Many Cooks {MR+ SInv} (You found it on level 6 of the Lair of Beasts)
 30130 | Lair:1   | Noticed Grum
 30138 | Lair:1   | Noticed Joseph
 30155 | Lair:1   | Killed Joseph
 30157 | Lair:1   | Killed Grum
 30758 | Lair:1   | Reached skill level 5 in Air Magic
 30825 | Orc:1    | Entered Level 1 of the Orcish Mines
 30942 | Orc:2    | Entered Level 2 of the Orcish Mines
 31099 | Orc:2    | Found a staircase to the Elven Halls.
 31917 | Orc:2    | Reached skill level 1 in Poison Magic
 31934 | Orc:2    | Found a radiant altar of Vehumet.
 31934 | Orc:2    | Noticed Erolcha
 31954 | Orc:2    | Killed Erolcha
 31968 | Orc:2    | Reached skill level 15 in Hexes
 31973 | Orc:2    | Found Doeclon's Gadget Emporium.
 31977 | Orc:2    | Reached XP level 16. HP: 119/124 MP: 9/22
 31997 | Orc:2    | Noticed Nergalle
 31998 | Orc:2    | Found a roughly hewn altar of Beogh.
 31998 | Orc:2    | Found Nisyck Tutz's Distillery.
 32015 | Orc:2    | Killed Nergalle
 32072 | Orc:2    | Found Sota Zitt's Antique Armour Emporium.
 32084 | Orc:2    | Found Utubuwud's Antique Weapon Shoppe.
 32134 | Orc:2    | Bought a disc of storms for 320 gold pieces
 32136 | Orc:2    | Found an ancient bone altar of Kikubaaqudgha.
 32946 | Elf:1    | Entered Level 1 of the Elven Halls
 33010 | Elf:1    | Found a deep blue altar of Sif Muna.
 33092 | Elf:1    | Learned a level 1 spell: Apportation
 33376 | Elf:1    | Noticed Aizul
 33573 | Elf:1    | Killed Aizul
 34164 | Elf:1    | Noticed an Ice Fiend
 34293 | Elf:1    | HP: 6/126 [deep elf archer/arrow (23)]
 34477 | Elf:1    | Got a shimmering leather armour
 34575 | Orc:1    | Found Dedaat's Gadget Emporium.
 34599 | Orc:1    | Found Vuakh's Food Shop.
 34784 | Orc:1    | Found Meth's Antique Weapon Shop.
 34882 | Orc:1    | Identified the cursed +0 leather armour of Suoqad {rN+} (You found it on level 1 of the Elven Halls)
 35325 | D:15     | Found a staircase to the Depths.
 35349 | Depths:1 | Entered Level 1 of the Depths
 35565 | Depths:1 | Reached skill level 22 in Stealth
 35573 | Depths:1 | Noticed a lich
 35578 | Depths:1 | Killed a lich
 36288 | Depths:1 | Noticed a sphinx
 36292 | Depths:1 | Killed a sphinx
 36340 | Depths:1 | Noticed a tentacled monstrosity
 36344 | Depths:1 | Killed a tentacled monstrosity
 36344 | Depths:1 | Reached XP level 17. HP: 134/134 MP: 24/24
 36547 | Depths:1 | Got a glittering tin ring
 36549 | Depths:1 | Identified the ring "Wusi" {Wiz rElec rPois rF++ Str-4} (You found it on level 1 of the Depths)
 37136 | Depths:2 | Reached skill level 23 in Stealth
 37302 | Depths:2 | Noticed 100P's ghost (veteran DsGl)
 37507 | Depths:2 | Killed 100P's ghost
 37507 | Depths:2 | Reached skill level 10 in Invocations
 38849 | Spider:1 | Entered Level 1 of the Spider Nest
 38849 | Spider:1 | Noticed Azrael
 38855 | Spider:1 | Killed Azrael
 38918 | Spider:1 | Noticed Kirke
 38938 | Spider:1 | Killed Kirke
 39426 | Spider:1 | HP: 4/136 [disintegration (39)]
 39428 | Spider:1 | Blown up by an orb spider

Vault maps used:
D:1:      dpeg_chamrin_arrival_tetris, nrook_uturn, kennysheep_another_room
D:2:      nicolae_overflow_hidden_temple, minmay_lizard_pond,
          uniq_crazy_yiuf_cottage, uniq_natasha, uniq_terence, uniq_iyjb,
          uniq_robin
D:3:      nemelex_lonely_heart_becter
D:4:      overflow_temple_1_default, first_bread, serial_shops,
          nicolae_shop_crystal
D:6:      nicolae_ashenzari_panopticon, uniq_sigmund
D:9:      chequers_temple_overflow_minitemple, serial_shops, shop,
          hangedman_pestilent_swarm
D:10:     grunt_lair_entry_orc_guard_hut, serial_shops, shop, shop,
          kb_xom_exploding_sheep, uniq_urug
D:13:     lightli_vaults_fourway_checkpoint, nicolae_twisting_strands,
          lightli_church_of_beogh
D:14:     lemuel_doored_altar
D:15:     gammafunk_enter_depths_forms, minmay_misc_feat_enclosed,
          roderic_greek_sauvastika
Temple:   eino_temple_rhombus
Lair:1:   grunt_megastairs_3, lemuel_fruit_tree, uniq_harold, uniq_joseph,
          uniq_grum
Lair:2:   minmay_shoals_entry_lonely_mermaid, lab_entry_generic, uniq_gastronok,
          uniq_fannar, uniq_prince_ribbit2
Lair:3:   dummy_spider_entry, lemuel_fruit_fields, uniq_rupert
Lair:4:   minivault_29, infiniplex_staircase_pool
Lair:5:   slime_altar_1, beast_lair_carwin_5, serial_bayou_shore_b,
          grunt_megastairs_1, serial_bayou_shore_b
Lair:6:   minmay_lair_end_frog_pond
Spider:1: nicolae_spider_hall_of_the_moth_king, uniq_azrael, uniq_kirke
Orc:1:    serial_shops, shop, shop_statue, shop
Orc:2:    kennysheep_orc_mage_school
Elf:1:    eino_elf_arrival_the_gate, basic_altar, orc_legates,
          lemuel_flame_loot_1, uniq_aizul
Depths:1: minmay_box_of_curves, abyss_entry_crystal, hell_entry,
          grunt_decor_cap, hex_tiny, firewood_loft, serial_bayou_shore_b
Depths:2: nicolae_legendary_halls, grunt_mini_vestibule, minmay_hedge_maze,
          serial_bayou_shore_a
Lab:      labyrinth_hidden_loot, nicolae_lab_hexagon, labyrinth_fake_exit,
          nicolae_lab_blocks, labyrinth_skeletal_remains, nicolae_lab_big_swirl,
          nicolae_lab_x, nicolae_lab_t_cross, nicolae_lab_lava

Skill      XL: |  1  2  3  4  5  6  7  8  9 10 11 12 13 14 15 16 17 |
---------------+----------------------------------------------------+-----
Stealth        | 5 6 7 9 10 12 13 15 17 18 20 21 22 23 | 23.6
Short Blades   | 2 3 4 5 7 8 9 10 | 10.1
Hexes          | 5 6 7 8 9 10 12 13 14 15 16 | 16.7
Shields        | 1 2 3 4 |  4.0
Dodging        | 3 4 5 6 8 9 10 11 12 | 12.8
Translocations | 1 2 3 |  3.0
Invocations    | 2 4 5 6 7 8 9 10 | 10.3
Evocations     | 1 3 4 5 6 7 8 |  8.0
Summonings     | 3 4 6 7 8 9 |  9.0
Fighting       | 2 4 5 6 8 |  8.6
Air Magic      | 3 5 |  5.0
Poison Magic   | 1 2 |  2.2
Spellcasting   | |  2.0

Action                   |  1- 3 |  4- 6 |  7- 9 | 10-12 | 13-15 | 16-18 || total
-------------------------+-------+-------+-------+-------+-------+-------++-------
Melee: Dagger            |    82 |   135 |   509 |   558 |   939 |       ||  2223
       Bite              |     8 |    11 |    51 |    64 |   158 |    77 ||   369
       Unarmed           |       |       |       |       |     2 |       ||     2
       Quick blade       |       |       |       |       |   225 |   700 ||   925
 Cast: Ensorcelled Hiber |     8 |    31 |   110 |    90 |   327 |    74 ||   640
       Confuse           |       |     2 |    15 |    21 |    34 |    13 ||    85
       Tukima's Dance    |       |       |     5 |       |       |     2 ||     7
       Blink             |       |       |       |       |     2 |       ||     2
       Summon Ice Beast  |       |       |       |       |       |     8 ||     8
       Mephitic Cloud    |       |       |       |       |       |     1 ||     1
Invok: Line Pass         |       |       |       |       |     2 |     2 ||     4
       Stomp             |       |       |       |       |     2 |     1 ||     3
       Grand Finale      |       |       |       |       |     2 |     3 ||     5
 Abil: End Transformatio |       |     3 |     2 |     3 |     9 |     2 ||    19
       Bat Form          |       |     3 |     2 |     3 |     9 |     2 ||    19
       Evoke Invisibilit |       |       |       |     4 |    21 |    10 ||    35
Evoke: Wand              |       |       |       |       |     4 |    14 ||    18
       Disc of storms    |       |       |       |       |       |     2 ||     2
       Crystal ball of e |       |       |       |       |       |     1 ||     1
  Use: Potion            |     3 |     7 |    15 |     8 |    10 |    14 ||    57
       Scroll            |     5 |     5 |    10 |     5 |    20 |     7 ||    52
 Stab: Sleeping          |     8 |    30 |    68 |    92 |   246 |    84 ||   528
       Confused          |       |     2 |     4 |    16 |    14 |    12 ||    48
       Paralysed         |       |       |     5 |    24 |    67 |    36 ||   132
       Distracted        |       |       |       |     2 |     2 |       ||     4
       Invisible         |       |       |       |    10 |    56 |    42 ||   108
  Eat: Corpse            |       |     2 |       |       |       |       ||     2
Armor: Robe              |    23 |    27 |   111 |    46 |   139 |    63 ||   409
Dodge: Dodged            |    55 |   112 |   309 |   208 |   833 |   282 ||  1799
Block: Buckler           |       |     7 |   185 |   120 |   421 |   144 ||   877
